 Dungeon Crawl Stone Soup version 0.31-a0-177-g4aa6249778 (webtiles) character file.

Game seed: 166874029962195336

55 qw the Chopper (level 3, -5/23 HPs)
             Began as a Gargoyle Fighter on June 18, 2023.
             Slain by a gnoll
             ... wielding a +1 whip of electrocution
              (6 damage)
             ... on level 2 of the Dungeon.
             The game lasted 00:00:40 (1200 turns).

qw the Chopper (Gargoyle Fighter)                   Turns: 1200, Time: 00:00:40

Health: -5/23      AC: 10    Str: 21    XL:     3   Next: 93%
Magic:  3/3        EV:  9    Int:  8    God:
Gold:   99         SH:  4    Dex:  9    Spells: 2/2 levels left

rFire   . . .        Y - +0 war axe
rCold   . . .        c - +0 buckler
rNeg    + . .        b - +0 scale mail
rPois   inf          (no helmet)
rElec   +            (no cloak)
rCorr   .            (no gloves)
SInv    .            (no boots)
Will    .....        (no amulet) Stlth
                     (no ring)
HPRegen 0.23/turn    (no ring)
MPRegen 0.08/turn

%: no passive effects
@: no status effects
A: sickness immunity, AC +3, negative energy resistance 1, electricity
resistance, torment resistance 1, petrification resistance
a: no special abilities


You were on level 2 of the Dungeon.
You visited 1 branch of the dungeon, and saw 2 of its levels.

You collected 99 gold pieces.


Innate Abilities, Weirdness & Mutations

You are immune to sickness and miasma.
Your stone body is resilient. (AC +3)
You are immune to poison.
You resist negative energy. (rN+)
You are resistant to electric shocks. (rElec)
You are resistant to unholy torment.
You are immune to petrification.


   Skills:
 - Level 3.2 Fighting
 + Level 3.7 Axes
 - Level 3.2 Armour
 - Level 3.2 Shields


You had 2 spell levels left.
You didn't know any spells.
Your spell library was empty.

Inventory:

Hand Weapons
 h - a +0 whip
 Y - a +0 war axe (weapon)
Armour
 a - a +0 plate armour
 b - a +0 scale mail (worn)
 c - a +0 buckler (worn)
Scrolls
 e - a scroll of identify
 g - a scroll of enchant weapon {unknown}
Potions
 d - 3 potions of might
 f - a potion of lignification
 i - a potion of curing {unknown}

Dungeon Overview and Level Annotations

Branches:
Dungeon (2/15)

Altars:


Message History

Enter note:
g - a scroll labelled DICSAPR COVIA
Enter note:
Enter note:
There is a stone staircase leading down here.
You now have 99 gold pieces (gained 7).
A gnoll comes into view. It is wielding a +0 flail.
The gnoll shouts!
Enter note:
Enter note: A gnoll comes into view. It is wielding a +0 flail.
1191 ||| Stepping ~*~*~tactically~*~*~ (stealth).
1192 ||| Stepping ~*~*~tactically~*~*~ (stealth).
The gnoll shouts!
You hear a shout!
A gnoll comes into view.
It is wielding a +1 whip of electrocution.
The gnoll shouts!
You hit the gnoll but do no damage. The gnoll closely misses you.
You hit the gnoll.
The gnoll is lightly wounded.
You hit the gnoll. The gnoll hits you with a +0 flail!
The gnoll closely misses you.
You hit the gnoll.
The gnoll is severely wounded.
You slash the gnoll! The gnoll hits you but does no damage.
The gnoll hits you with a +0 flail! The gnoll closely misses you.
The gnoll hits you with a +0 flail.
You hit the gnoll.
The gnoll is almost dead.
You hit the gnoll. The gnoll hits you with a +0 flail.
The gnoll completely misses you.
You barely miss the gnoll.
The gnoll is almost dead.
You slash the gnoll!
You kill the gnoll!
The gnoll hits you with a +0 flail.
You slash the gnoll!
You kill the gnoll!
The gnoll hits you with a +1 whip of electrocution.
You die...

................>##
.........##.......#
.........##.####..#
.........##.# #..#
.........##.# #..#
.........##.# #..#
............####..#
..................#
...........#.###@######.#
...........#....)g......#
...........#..##.#####..#
...............#.#
...........#...#..
...........#...#.# #.#
#.. #.


You could see a gnoll.

Vanquished Creatures
  2 gnolls (D:2)
  3 endoplasms
  A giant cockroach (D:2)
  2 goblins
  A hobgoblin (D:1)
  13 jackals (D:1)
  5 ball pythons
  4 bats (D:1)
  6 frilled lizards
  3 kobolds
  2 rats
42 creatures vanquished.

Notes
Turn   | Place    | Note
-------+----------+-------------------------------------------
     0 | D:1      | qw the Gargoyle Fighter began the quest for the Orb.
     0 | D:1      | Reached XP level 1. HP: 14/14 MP: 1/1
     0 | D:1      | 0 ||| qw: Version: 0.3-a-5-g6f28e65
     0 | D:1      | 0 ||| qw: Game counter: 547
     0 | D:1      | 0 ||| qw: Always use a shield: true
     0 | D:1      | 0 ||| qw: God list: Okawaru
     0 | D:1      | 0 ||| qw: Allow faded altars: false
     0 | D:1      | 0 ||| qw: Do Orc after D:15 true
     0 | D:1      | 0 ||| qw: Do second Lair branch before Depths: true
     0 | D:1      | 0 ||| qw: Lair rune preference: random
     0 | D:1      | 0 ||| qw: Plans: Normal, Zot:1-4, Slime:5, God:TSO, Crypt,
                  | Tomb, Abyss, Pan, Hells, Win
     0 | D:1      | 0 ||| PLANNING D:1-11
     7 | D:1      | 7 ||| Stepping ~*~*~tactically~*~*~ (stealth).
   173 | D:1      | Reached XP level 2. HP: 19/19 MP: 2/2
   320 | D:1      | Found a faded altar of an unknown god.
   337 | D:1      | 337 ||| Stepping ~*~*~tactically~*~*~ (stealth).
   349 | D:1      | 349 ||| DROPPING +0 club.
   358 | D:1      | 358 ||| Stepping ~*~*~tactically~*~*~ (stealth).
   364 | D:1      | Reached skill level 3 in Axes
   390 | D:1      | 390 ||| Stepping ~*~*~tactically~*~*~ (stealth).
   391 | D:1      | 391 ||| Stepping ~*~*~tactically~*~*~ (stealth).
   392 | D:1      | 392 ||| Stepping ~*~*~tactically~*~*~ (stealth).
   404 | D:1      | Reached XP level 3. HP: 23/23 MP: 3/3
   436 | D:1      | 436 ||| Stepping ~*~*~tactically~*~*~ (stealth).
   437 | D:1      | 437 ||| Stepping ~*~*~tactically~*~*~ (stealth).
   789 | D:1      | 789 ||| READING scroll labelled NAIJOY FEOR.
   790 | D:1      | 790 ||| READING scroll labelled AQEASS KAJORI.
   791 | D:1      | 791 ||| DRINKING 2 metallic dark potions.
   904 | D:2      | 904 ||| Stepping ~*~*~tactically~*~*~ (hiding).
   906 | D:2      | 906 ||| Stepping ~*~*~tactically~*~*~ (hiding).
  1130 | D:2      | 1130 ||| Stepping ~*~*~tactically~*~*~ (stealth).
  1191 | D:2      | 1191 ||| Stepping ~*~*~tactically~*~*~ (stealth).
  1192 | D:2      | 1192 ||| Stepping ~*~*~tactically~*~*~ (stealth).
  1198 | D:2      | HP: 4/23 [gnoll/+0 flail (3)]
  1199 | D:2      | HP: 1/23 [gnoll/+0 flail (3)]
  1200 | D:2      | Slain by a gnoll

Levels and vault maps discovered:
D:1:      minmay_arrival_diagonal_passages, layout_loops_ring,
          dreamdust_ecumenical_altar_grove, minmay_lizard_pond
D:2:      layout_basic, uniq_sigmund

Skill      XL: |  1  2 |
---------------+-------+-----
Axes           | 2 3 |  3.7
Fighting       | |  3.2
Armour         | |  3.2
Shields        | |  3.2

Action                     || total
---------------------------++-------
  Melee: War axe           ||   113
    Use: Scroll            ||     2
         Potion            ||     1
 Armour: Scale mail        ||    60
  Dodge: Dodged            ||    47
  Block: Buckler           ||    23

Table legend:
 A = Non-vault XP
 B = Vault XP
 C = Vault XP percentage of total XP
 D = Non-vault monster count
 E = Vault monster count
 F = Vault count percentage of total count
                 A         B        C        D         E       F
            +---------+---------+-------+---------+---------+-------
      Total |      88 |       5 |   5.4 |      37 |       5 |  11.9
            +---------+---------+-------+---------+---------+-------
        D:1 |      44 |       5 |  10.2 |      26 |       5 |  16.1
        D:2 |      44 |       0 |   0.0 |      11 |       0 |   0.0
            +---------+---------+-------+---------+---------+-------
